 Dungeon Crawl Stone Soup version 0.28-a0-381-g937acc2988 (webtiles) character file.

Game seed: 4482000569487289850

18 omnomnOMINOUS the Magician (level 2, -2/18 HPs)
             Began as an Octopode Wanderer on Sept 1, 2021.
             Was a Follower of Zin.
             Frozen to death by an endoplasm (7 damage)
             ... on level 1 of the Dungeon.
             The game lasted 00:01:43 (557 turns).

omnomnOMINOUS the Magician (Octopode Wanderer)       Turns: 557, Time: 00:01:44

Health: -2/18      AC:  1    Str: 11    XL:     2   Next: 66%
Magic:  5/5        EV: 13    Int: 14    God:    Zin [*.....]
Gold:   21         SH:  0    Dex: 11    Spells: 4/5 levels left

rFire   + . .      SeeInvis .   a - +2 dagger
rCold   x . .      Faith    .   (no shield)
rNeg    . . .      Spirit   .   (helmet restricted)
rPois   .          Reflect  .   (no amulet)
rElec   .          Harm     .   d - ring of fire
rCorr   .          Rampage  .   (no ring)
Will    .....                   (no ring)
Stlth   +++.......              (no ring)
HPRegen 0.06/turn               (no ring)
MPRegen 0.09/turn               (no ring)
                                (no ring)
                                (no ring)

@: no status effects
A: almost no armour, amphibious, 8 rings, camouflage 1, gelatinous body 1,
(nimble swimmer 1), tentacles
a: Renounce Religion, Recite, Donate Gold


You were on level 1 of the Dungeon.
You worshipped Zin.
Zin was aware of your devotion.
You visited 1 branch of the dungeon, and saw 1 of its levels.

You collected 23 gold pieces.
You donated 2 gold pieces to Zin.

Inventory:

Hand Weapons
 a - a +2 dagger (weapon)
 c - a +0 spear
Missiles
 e - 15 poisoned darts (quivered)
Jewellery
 d - a ring of fire (left tentacle)


   Skills:
 + Level 1.6 Fighting
 - Level 1.0 Throwing
 + Level 1.6 Dodging
 - Level 1.3 Stealth
 - Level 2.0 Unarmed Combat
 + Level 2.3 Spellcasting
 - Level 1.0 Fire Magic
 - Level 1.1 Evocations


You had 4 spell levels left.
You knew the following spells:

 Your Spells              Type           Power      Damage    Failure   Level
a - Summon Small Mammal   Summ           4%         N/A       22%         1

Your spell library contained the following spells:

 Spells                   Type           Power      Damage    Failure   Level
 Summon Guardian Golem    Hex/Summ       1%         N/A       56%         3


Dungeon Overview and Level Annotations

Branches:
Dungeon (1/15)

Altars:
Zin


Innate Abilities, Weirdness & Mutations

You cannot wear most types of armour.
You are amphibious.
You can wear up to eight rings at the same time.
Your skin changes colour to match your surroundings (Stealth+).
Your rubbery body absorbs attacks. (AC +1, EV +1)
((You are camouflaged near water. (Stealth+)))
You have tentacles for arms and can constrict up to eight enemies at once.


Message History

The bat hits you.
The hobgoblin shouts!
The bat hits you. The dart slug launches a dart at you.
The slug dart misses you.
The slug dart hits the bat.
The bat dies!
You hit the dart slug. You grab the dart slug.
The dart slug is lightly wounded.
You constrict the dart slug. The endoplasm hits you.
The dart slug launches a dart at you. The slug dart hits you.
You hit the dart slug.
The dart slug is severely wounded.
You constrict the dart slug. The endoplasm freezes you.
You are frozen!
You feel a terrible chill!
* * * LOW HITPOINT WARNING * * *
The dart slug barely misses you.
You release your grip on the dart slug.
There is a glowing silver altar of Zin here.
Throw: 2 darts (curare)
Press: ? - help, Q - select action, (/) - cycle Shift-Dir - straight line, f - dart slug
Aim: a dart slug (almost dead, 93% to hit)
You throw a curare-tipped dart.
The curare-tipped dart hits the dart slug.
The dart slug is poisoned.
The dart slug convulses.
You kill the dart slug!
The endoplasm misses you.
Found 20 stones.
A dart slug comes into view.
Found a short jewelled staff.
You see here a hobgoblin corpse.
Throw: dart (curare)
Press: ? - help, Q - select action, (/) - cycle Shift-Dir - straight line, f - endoplasm
Aim: an endoplasm (84% to hit)
You throw a curare-tipped dart.
The curare-tipped dart hits the endoplasm.
The endoplasm freezes you.
You are frozen!
You feel a terrible chill!
You die...

.................>.....
######..####.########.. #...#
#.##....#... #.#.# #.##.##.#...
#.#.###.#...#.#.##
#.#.......##..#.#
#.#..........##.#
#.#.......#..##÷##
#@#.......+)......
#J#.......#######. #.#.......#
#. #.#.......# ## #.#.......# #
#g####..########## #g#
###.###....... #†#
#..>#≈≈.......
##############.#####.#≈≈...<...


You could see an endoplasm and 2 hobgoblins.

Vanquished Creatures
  2 dart slugs (D:1)
  An endoplasm (D:1)
  A goblin (D:1)
  2 hobgoblins (D:1)
  A kobold (D:1)
  A ball python (D:1)
  A bat (D:1)
  A frilled lizard (D:1)
  5 rats (D:1)
15 creatures vanquished.

Vanquished Creatures (others)
  A bat (D:1)
1 creature vanquished.

Grand Total: 16 creatures vanquished

Notes
Turn   | Place    | Note
-------+----------+-------------------------------------------
     0 | D:1      | omnomnOMINOUS the Octopode Wanderer began the quest for the
                  | Orb.
     0 | D:1      | omnomnOMINOUS set off with the following items: a +2
                  | dagger, 2 curare-tipped darts, a +0 spear; and the
                  | following spell memorised: Summon Small Mammal; and the
                  | following spells available to memorise: Summon Guardian
                  | Golem
     0 | D:1      | Reached XP level 1. HP: 13/13 MP: 3/3
   124 | D:1      | Reached XP level 2. HP: 10/18 MP: 5/5
   524 | D:1      | Found a faded altar of an unknown god.
   533 | D:1      | Became a worshipper of Zin the Law-Giver
   533 | D:1      | Reached * piety under Zin
   557 | D:1      | Frozen to death by an endoplasm

Illustrated notes

Levels and vault maps discovered:
D:1:      dpeg_arrival_pond, layout_basic,
          shapermc_ecumenical_altar_starsandcircs

Action                   || total
-------------------------++-------
Melee: Dagger            ||    33
       Constrict         ||     7
       Tentacles         ||     1
Throw: Dart              ||     2
 Stab: Sleeping          ||     1
Armor: Skin              ||     1
Dodge: Dodged            ||    13

Table legend: (Time is in decaauts)
 A = Elapsed time spent in this place.
 B = Non-inter-level travel time spent in this place.
 C = Inter-level travel time spent in this place.
 D = Time resting spent in this place.
 E = Time spent auto-exploring this place.
 F = Levels seen in this place.
 G = Mean time per level.
                   A        B        C        D        E       F      G
               +--------+--------+--------+--------+--------+-----+--------+
         Total |    556 |    556 |      0 |    136 |    308 |   1 |  556.0 |
       Dungeon |    556 |    556 |      0 |    136 |    308 |   1 |  556.0 |
               +--------+--------+--------+--------+--------+-----+--------+

Top non-repeatable levels by time:
     D:1: 556 daAuts
